 Dungeon Crawl Stone Soup version 0.25.1-8-g42b30a86e7 (webtiles) character file.

Game seed: 5221245081364387654

559 Clowwww the Chopper (level 7, -6/61 HPs)
             Began as a Hill Orc Fighter on Dec 16, 2020.
             Splashed by Ijyb's acid (14 damage)
             ... on level 4 of the Dungeon on Dec 18, 2020.
             The game lasted 00:10:37 (3792 turns).

Clowwww the Chopper (Hill Orc Fighter)              Turns: 3792, Time: 00:10:38

Health: -6/61      AC: 12    Str: 21    XL:     7   Next: 31%
Magic:  7/7        EV:  8    Int:  8    God:
Gold:   172        SH: 10    Dex: 16    Spells: 6/6 levels left

rFire    . . .     SeeInvis .   a - +3 war axe
rCold    . . .     Gourm    .   c - +0 kite shield
rNeg     . . .     Faith    .   b - +3 scale mail
rPois    .         Spirit   .   (no helmet)
rElec    .         Reflect  .   w - +0 cloak
rCorr    .         Harm     .   i - +0 pair of gloves
MR       .....                  (no boots)
Stlth    ..........             (no amulet)
HPRegen  0.20/turn              j - +6 ring of dexterity
MPRegen  0.10/turn              (no ring)

@: mighty
A: no striking features
a: no special abilities


You were on level 4 of the Dungeon.
You were not hungry.

You visited 1 branch of the dungeon, and saw 4 of its levels.

You collected 172 gold pieces.

Inventory:

Hand Weapons
 a - a +3 war axe (weapon)
Armour
 b - a +3 scale mail (worn)
 c - a +0 kite shield (worn)
 i - a +0 pair of gloves (worn)
 w - a +0 cloak (worn)
Jewellery
 j - a +6 ring of dexterity (left hand)
Scrolls
 e - a scroll of noise {unknown}
 k - 4 scrolls of teleportation
 l - 2 scrolls of fog
 m - 2 scrolls of amnesia
Potions
 n - 3 potions of curing
 o - 2 potions of degeneration
 p - a potion of resistance
 r - 2 potions of brilliance
 s - a potion of cancellation
 t - 2 potions of berserk rage
 u - 2 potions of heal wounds {unknown}
 v - a potion of haste {unknown}
 z - a potion of lignification {unknown}
Comestibles
 f - 6 rations


   Skills:
 + Level 5.0 Fighting
 + Level 6.9 Axes
 + Level 4.4 Armour
 + Level 1.3 Dodging
 + Level 1.0 Stealth
 + Level 4.8 Shields


You had 6 spell levels left.
You didn't know any spells.
Your spell library was empty.

Dungeon Overview and Level Annotations

Branches:
Dungeon (4/15)
 Temple: D:4-7

Altars:
Hepliaklqana
Sif Muna
Trog
Zin

Shops:
D:4 *

Annotations:
D:4 Ijyb


Message History

e - a scroll labeled OROIDGHI TUGARU;
u - 2 silvery potions (gained 1) Eating a chunk of flesh.
You eat the chunk of flesh.
This raw flesh tastes terrible.
There is a stone staircase leading up here.
Ijyb the Twisted Goblin comes into view.
She is carrying a wand of acid (10).
Ijyb shouts!
You hear a bark!
There is a stone staircase leading up here.
You feel very mighty all of a sudden.
You barely miss Ijyb.
Ijyb screams, "No!
No, no, no, no!"
Ijyb zaps a wand.
The bolt of acid hits you!!
You are splashed with acid!
You hit Ijyb.
Ijyb is lightly wounded.
Ijyb hits you but does no damage.
You slash Ijyb!
Ijyb is severely wounded.
Ijyb zaps a wand.
The bolt of acid hits you!!
* * * LOW HITPOINT WARNING * * *
You are splashed with acid!
You die...

#.######..##...#)
#.# #.....#... #.#
#.###...#. #.# #.#
##.#.. #.# #.# #..#.
#.# #.# #.###
#.######)# #..#.
####.#......# #.#.#
#.g@........# #....
#.##.......## #....
#.##.._8_..# ##...
#.##.......#######.#
#<##............##.#
#g##########.##.##.#
#.# #.##.##.# #.#
#.##.##.# #.$.......
#.##.##..


You could see Ijyb.

Vanquished Creatures
  Menkaure (D:4)
  A scorpion (D:4)
  A howler monkey (D:4)
  A centaur skeleton (D:4)
  A hound (D:2)
  An iguana (D:4)
  2 worker ants (D:4)
  A killer bee zombie (D:4)
  A hound skeleton (D:4)
  A howler monkey skeleton (D:4)
  6 adders
  4 gnolls (D:3)
  A river rat (D:4)
  An ooze (D:1)
  2 worms (D:3)
  4 leopard geckos
  4 orcs
  4 giant cockroaches
  9 goblins
  3 hobgoblins
  2 jackals (D:4)
  2 quokkas
  5 ball pythons
  7 bats
  4 frilled lizards
  5 kobolds
  A quokka skeleton (D:4)
  A quokka zombie (D:4)
  10 rats
86 creatures vanquished.

Notes
Turn   | Place    | Note
-------+----------+-------------------------------------------
     0 | D:1      | Clowwww the Hill Orc Fighter began the quest for the Orb.
     0 | D:1      | Reached XP level 1. HP: 19/19 MP: 1/1
   264 | D:1      | Reached XP level 2. HP: 27/27 MP: 2/2
   526 | D:1      | Reached skill level 3 in Axes
   795 | D:2      | Reached XP level 3. HP: 30/33 MP: 3/3
  1117 | D:2      | Reached skill level 4 in Axes
  1117 | D:2      | Reached XP level 4. HP: 34/40 MP: 4/4
  1742 | D:3      | Reached skill level 1 in Dodging
  1744 | D:3      | Reached XP level 5. HP: 24/47 MP: 5/5
  2191 | D:3      | Found a hazy altar of Hepliaklqana.
  2905 | D:4      | Reached skill level 5 in Axes
  2916 | D:4      | Found Peso's Assorted Antiques.
  2922 | D:4      | Reached XP level 6. HP: 53/53 MP: 6/6
  2924 | D:4      | Found a shimmering blue altar of Sif Muna.
  2926 | D:4      | Noticed Menkaure
  2935 | D:4      | Killed Menkaure
  3038 | D:4      | Reached skill level 6 in Axes
  3294 | D:4      | Reached skill level 1 in Stealth
  3294 | D:4      | Reached XP level 7. HP: 49/60 MP: 7/7
  3674 | D:4      | Found a bloodstained altar of Trog.
  3683 | D:4      | Reached skill level 5 in Fighting
  3685 | D:4      | Found a glowing silver altar of Zin.
  3778 | D:4      | Noticed Ijyb
  3792 | D:4      | Splashed by Ijyb's acid

Illustrated notes

Levels and vault maps discovered:
D:1:      roderic_crossed_star, layout_rooms
D:2:      layout_loops_cross, first_ration
D:3:      layout_loops_corners, overflow_temple_1_default,
          kennysheep_pointless_box
D:4:      layout_loops_ring, lemuel_crystal_altar,
          chequers_temple_overflow_statue_of_worship,
          lemuel_coloured_pillars_altar, portal_sewer_entry_a, serial_shops,
          shop, uniq_menkaure, uniq_ijyb

Skill      XL: |  1  2  3  4  5  6  7 |
---------------+----------------------+-----
Fighting       | 4 5 |  5.0
Axes           | 3 4 5 6 |  6.9
Shields        | 4 |  4.8
Dodging        | 1 |  1.3
Armour         | 4 |  4.4
Stealth        | 1 |  1.0

Action                   |  1- 3 |  4- 6 |  7- 9 || total
-------------------------+-------+-------+-------++-------
Melee: War axe           |   106 |   139 |    35 ||   280
  Use: Scroll            |       |    12 |     6 ||    18
       Potion            |       |       |     1 ||     1
  Eat: Chunk             |     1 |     7 |     2 ||    10
Armor: Scale mail        |    63 |    61 |    14 ||   138
Dodge: Dodged            |    39 |    48 |    10 ||    97
Block: Kite shield       |    65 |    89 |    19 ||   173
